 Dungeon Crawl Stone Soup version 0.28-a0-1506-g3893175d92 (webtiles) character file.

Game seed: 3135178402040589206

42 cheechan the Skirmisher (level 3, 0/26 HPs)
             Began as an Octopode Chaos Knight on Jan 13, 2022.
             Was a Plaything of Xom.
             Slain by a gnoll (9 damage)
             ... on level 2 of the Dungeon.
             The game lasted 00:04:14 (1294 turns).

cheechan the Skirmisher (Octopode Chaos Knight)     Turns: 1294, Time: 00:04:15

Health: 0/26       AC:  1    Str: 11    XL:     3   Next: 56%
Magic:  3/3        EV: 13    Int: 14    God:    Xom [....*.]
Gold:   41         SH:  0    Dex: 13    Spells: 2/2 levels left

rFire   . . .      SeeInvis .   a - +0 short sword (chaos)
rCold   . . .      Faith    .   (no shield)
rNeg    . . .      Spirit   .   (helmet restricted)
rPois   .          Reflect  .   (no amulet)
rElec   .          Harm     .   (no ring)
rCorr   .          Rampage  .   (no ring)
Will    .....                   (no ring)
Stlth   +++.......              (no ring)
HPRegen 0.08/turn               (no ring)
MPRegen 0.08/turn               (no ring)
                                (no ring)
                                (no ring)

@: no status effects
A: almost no armour, amphibious, 8 rings, camouflage 1, gelatinous body 1,
(nimble swimmer 1), tentacles
a: Renounce Religion


You were on level 2 of the Dungeon.
You worshipped Xom.
You were a beloved toy of Xom.
You visited 1 branch of the dungeon, and saw 2 of its levels.

You collected 41 gold pieces.

Inventory:

Hand Weapons
 a - a +0 short sword of chaos (weapon)
Missiles
 b - 50 stones (quivered)
Scrolls
 c - a scroll of identify {unknown}
Potions
 d - a potion of haste {unknown}
 e - a potion of heal wounds {unknown}
 f - a potion of invisibility {unknown}


   Skills:
 + Level 3.6 Fighting
 + Level 3.5 Short Blades
 + Level 2.7 Dodging
 + Level 1.2 Stealth


You had 2 spell levels left.
You didn't know any spells.
Your spell library was empty.

Dungeon Overview and Level Annotations

Branches:
Dungeon (2/15)

Altars:
Ru


Innate Abilities, Weirdness & Mutations

You cannot wear most types of armour.
You are amphibious.
You can wear up to eight rings at the same time.
Your skin changes colour to match your surroundings (Stealth+).
Your rubbery body absorbs attacks. (AC +1, EV +1)
((You are camouflaged when in or above water. (Stealth+)))
You have tentacles for arms and can constrict up to eight enemies at once.


Message History

The quokka bites you.
You hit the quokka.
You kill the quokka!
Found a sacrificial altar of Ru.
A giant cockroach comes into view.
You hit the giant cockroach but do no damage.
Your grab misses the giant cockroach. The giant cockroach bites you.
You hit the giant cockroach. You grab the giant cockroach.
You squeeze the giant cockroach.
You kill the giant cockroach!
Found a scale mail.
You see here a +0 scale mail.
You see here a +0 scale mail.
Found a stone staircase leading down.
A gnoll comes into view. It is wielding a +0 spear.
Found a scroll labelled XUKHEU BAES. 2 gnolls come into view.
The gnoll shouts!
A gnoll comes into view. It is wielding a +1 whip of venom.
The gnoll shouts! x2
Xom makes a sudden noise!
You hear the chiming of a distant gong.
The gnoll closely misses you.
You barely miss the gnoll. Your grab misses the gnoll.
You closely miss the gnoll. Your grab misses the gnoll.
Your squeeze misses the gnoll. The gnoll closely misses you.
You hit the gnoll. You grab the gnoll. Your squeeze misses the gnoll.
The gnoll is moderately wounded.
You constrict the gnoll, but do no damage. "Over there now!"
The gnoll blinks free!
You are now a beloved toy of Xom.
You hit the gnoll.
The gnoll flickers and vanishes!
Deactivating autopickup; reactivate with Ctrl-A.
Your squeeze misses something. Something hits you! The gnoll barely misses you.
Unknown command.
You completely miss something. Something hits you!
You hit something. Your squeeze misses something.
The gnoll hits you from afar with a +0 spear!
You die...
Xom roars with laughter!

##..............#
#.........g.....###
#.................#####
#...............#......
#...............#######
#....gg########.####
#.####g# #....# ###
#ยง# ####.# #@## #[##
####..###### #..###
#..........# ##....
#..........# ####.
#..........# #.
#..........# ##
#####.######
#.......##########
#######...........


You could see 3 gnolls.

Vanquished Creatures
  A worm (D:2)
  A dart slug (D:1)
  5 ball pythons (D:1)
  4 bats (D:1)
  3 endoplasms (D:1)
  4 giant cockroaches
  2 hobgoblins (D:1)
  2 kobolds (D:1)
  2 quokkas
  4 frilled lizards
  4 rats
32 creatures vanquished.

Notes
Turn   | Place    | Note
-------+----------+-------------------------------------------
     0 | D:1      | cheechan the Octopode Chaos Knight began the quest for the
                  | Orb.
     0 | D:1      | Reached XP level 1. HP: 16/16 MP: 1/1
   101 | D:1      | Reached XP level 2. HP: 18/21 MP: 2/2
   255 | D:1      | XOM: cast spell 'Call Canine Familiar'
   523 | D:1      | Reached XP level 3. HP: 23/26 MP: 3/3
   659 | D:1      | XOM: cloud trail
  1160 | D:2      | Reached skill level 1 in Stealth
  1196 | D:2      | Found a sacrificial altar of Ru.
  1284 | D:2      | XOM: noise
  1290 | D:2      | XOM: blink monster(s)
  1294 | D:2      | Slain by a gnoll

Illustrated notes

Levels and vault maps discovered:
D:1:      eino_arrival_tree_alley, layout_basic, minmay_tetromino_l2
D:2:      layout_rooms, basic_altar

Skill      XL: |  1  2  3 |
---------------+----------+-----
Stealth        | 1 |  1.2
Fighting       | |  3.6
Short Blades   | |  3.5
Dodging        | |  2.7

Action                   || total
-------------------------++-------
Melee: Short sword       ||    63
       Tentacles         ||    12
       Constrict         ||    10
 Stab: Sleeping          ||    10
Armor: Skin              ||     3
Dodge: Dodged            ||    34

Table legend: (Time is in decaauts)
 A = Elapsed time spent in this place.
 B = Non-inter-level travel time spent in this place.
 C = Inter-level travel time spent in this place.
 D = Time resting spent in this place.
 E = Time spent auto-exploring this place.
 F = Levels seen in this place.
 G = Mean time per level.
                   A        B        C        D        E       F      G
               +--------+--------+--------+--------+--------+-----+--------+
         Total |   1289 |   1289 |      0 |      0 |      0 |   2 |  644.5 |
       Dungeon |   1289 |   1289 |      0 |      0 |      0 |   2 |  644.5 |
               +--------+--------+--------+--------+--------+-----+--------+

Top non-repeatable levels by time:
     D:1: 1083 daAuts
     D:2: 206 daAuts
